 Dungeon Crawl Stone Soup version 0.31-a0-188-g5e087ee2ca (webtiles) character file.

Game seed: 18353695902275677851

319 qw the Skirmisher (level 6, -5/35 HPs)
             Began as a Deep Elf Hunter on June 23, 2023.
             Slain by Sigmund
             ... wielding a +4 antimagic scythe
              (7 damage)
             ... on level 4 of the Dungeon.
             The game lasted 00:01:11 (2943 turns).

qw the Skirmisher (Deep Elf Hunter)                 Turns: 2943, Time: 00:01:11

Health: -5/35      AC: 10    Str: 10    XL:     6   Next: 21%
Magic:  0/8        EV: 11    Int: 14    God:
Gold:   118        SH:  0    Dex: 18    Spells: 5/5 levels left

rFire   . . .        Y - +0 shortbow
rCold   . . .        (shield currently unavailable)
rNeg    . . .        f - +0 ring mail
rPois   .            g - +0 helmet
rElec   .            (no cloak)
rCorr   .            (no gloves)
SInv    .            (no boots)
Will    +....        j - amulet of regeneration
Stlth   +            i - +4 ring of protection
HPRegen 1.05/turn    d - ring of willpower
MPRegen 0.11/turn

%: no passive effects
@: no status effects
A: no striking features
a: no special abilities


You were on level 4 of the Dungeon.
You visited 1 branch of the dungeon, and saw 4 of its levels.

You collected 190 gold pieces.
You spent 72 gold pieces at shops.


   Skills:
 - Level 2.1 Fighting
 + Level 9.6 Ranged Weapons
 - Level 2.4 Dodging
 - Level 1.2 Stealth


You had 5 spell levels left.
You didn't know any spells.
Your spell library was empty.

Inventory:

Hand Weapons
 Y - a +0 shortbow (weapon)
Armour
 f - a +0 ring mail (worn)
 g - a +0 helmet (worn)
Jewellery
 d - a ring of willpower (right hand)
 i - a +4 ring of protection (left hand)
 j - an amulet of regeneration (around neck)
Scrolls
 a - a scroll of teleportation
 b - 3 scrolls of identify
Potions
 c - a potion of lignification {unknown}
 h - 2 potions of might

Dungeon Overview and Level Annotations

Branches:
Dungeon (4/15)
 Temple: D:4-7

Altars:

Shops:
D:2 *

Annotations:
D:4 Sigmund


Message History

You shoot an arrow. You shoot an arrow. Something hits you.
You feel your power leaking away.
You shoot an arrow. Something hits you.
You feel your power leaking away.
You shoot an arrow.
You hear some strange, mumbled words.
Something tries to affect you, but you resist.
You shoot an arrow. Something hits you!
You feel your power leaking away.
You shoot an arrow. You shoot an arrow.
A magic dart appears from out of thin air!
The magic dart hits you!
You shoot an arrow.
You hear some strange, mumbled words.
Something tries to affect you, but you resist.
You shoot an arrow. Something hits you but does no damage.
You shoot an arrow. Something hits you but does no damage.
You shoot an arrow. Something hits you but does no damage.
You shoot an arrow. You shoot an arrow. Something hits you!
You feel your power leaking away.
You shoot an arrow. Something hits you.
You shoot an arrow. Something hits you!
You shoot an arrow. You shoot an arrow. Something hits you.
You shoot an arrow. Something hits you!
You die...

...... ..... ....#
)...# .)..#
##{)..## ###
#.%....#.. ..#
#@.....#.#######.#
#.#....#.#.....#.#
#.# ...#.#.##.##.#
#.# ....#.#......
#.# #.#.#.#..##.#
#.# #.#.#.#..#...
#.# #.#.#.......#
#.#.##.....#..#.##
#.#..)............


There were no monsters in sight!

Vanquished Creatures
  A howler monkey (D:3)
  3 orc priests (D:4)
  2 orc wizards (D:4)
  Robin (D:3)
  3 adders
  3 worms
  A dart slug (D:3)
  11 orcs
  4 bats (D:1)
  11 endoplasms
  2 giant cockroaches
  8 goblins
  7 hobgoblins
  7 jackals
  7 kobolds
  6 ball pythons
  6 rats
83 creatures vanquished.

Notes
Turn   | Place    | Note
-------+----------+-------------------------------------------
     0 | D:1      | qw the Deep Elf Hunter began the quest for the Orb.
     0 | D:1      | Reached XP level 1. HP: 12/12 MP: 3/3
     0 | D:1      | 0 ||| qw: Version: 0.3-a-9-g12657ce
     0 | D:1      | 0 ||| qw: Game counter: 3698
     0 | D:1      | 0 ||| qw: Always use a shield: true
     0 | D:1      | 0 ||| qw: God list: Okawaru
     0 | D:1      | 0 ||| qw: Allow faded altars: false
     0 | D:1      | 0 ||| qw: Do Orc after D:15 true
     0 | D:1      | 0 ||| qw: Do second Lair branch before Depths: true
     0 | D:1      | 0 ||| qw: Lair rune preference: random
     0 | D:1      | 0 ||| qw: Plans: Normal
     0 | D:1      | 0 ||| PLANNING D:1-11
   169 | D:1      | Reached skill level 6 in Ranged Weapons
   169 | D:1      | Reached XP level 2. HP: 16/16 MP: 4/4
   181 | D:1      | 181 ||| FLEEEEING.
   182 | D:1      | 182 ||| FLEEEEING.
   668 | D:1      | 668 ||| UPGRADING to +0 ring mail.
   678 | D:1      | 678 ||| DROPPING +0 leather armour.
   679 | D:1      | 679 ||| READING scroll labelled SICEAH LOWK.
   680 | D:1      | 680 ||| READING scroll labelled WEM ETOC QOLURE.
   681 | D:1      | 681 ||| DRINKING 2 fuming white potions.
   682 | D:1      | 682 ||| DROPPING scroll of butterflies.
   683 | D:1      | 683 ||| DROPPING potion of brilliance.
   784 | D:2      | Reached XP level 3. HP: 20/20 MP: 5/5
   846 | D:2      | Found Atwaq's General Store.
   853 | D:2      | 853 ||| BUYING 3 scrolls of identify (72 gold).
   853 | D:2      | Bought 3 scrolls of identify for 72 gold pieces
   853 | D:2      | 853 ||| SHOPLISTING potion of enlightenment (60 gold, have
                  | 1).
   853 | D:2      | 853 ||| SHOPLISTING potion of haste (120 gold, have 1).
   853 | D:2      | 853 ||| SHOPLISTING scroll of identify (24 gold, have 1).
  1156 | D:2      | 1156 ||| FLEEEEING.
  1157 | D:2      | 1157 ||| FLEEEEING.
  1158 | D:2      | 1158 ||| FLEEEEING.
  1160 | D:2      | 1160 ||| FLEEEEING.
  1161 | D:2      | 1161 ||| FLEEEEING.
  1162 | D:2      | 1162 ||| FLEEEEING.
  1163 | D:2      | 1163 ||| FLEEEEING.
  1164 | D:2      | 1164 ||| FLEEEEING.
  1165 | D:2      | 1165 ||| FLEEEEING.
  1166 | D:2      | 1166 ||| FLEEEEING.
  1169 | D:2      | 1169 ||| FLEEEEING.
  1170 | D:2      | 1170 ||| FLEEEEING.
  1171 | D:2      | 1171 ||| FLEEEEING.
  1259 | D:2      | Reached skill level 7 in Ranged Weapons
  1365 | D:2      | Found a faded altar of an unknown god.
  1417 | D:2      | 1417 ||| UPGRADING to amulet of the acrobat.
  1422 | D:2      | 1422 ||| UPGRADING to +4 ring of protection.
  1423 | D:2      | 1423 ||| READING 3 scrolls labelled RONECYVAOV.
  1427 | D:2      | 1427 ||| READING scroll labelled PIVINW ESTUEGOOBB.
  1428 | D:2      | 1428 ||| READING scroll labelled AXECZI LEERU.
  1429 | D:2      | 1429 ||| READING scroll labelled FUOMUTH VENU.
  1430 | D:2      | 1430 ||| READING scroll labelled IPNUPE YHEA.
  1467 | D:2      | 1467 ||| DRINKING 2 purple potions.
  1468 | D:2      | 1468 ||| READING 4 scrolls of identify.
  1468 | D:2      | 1468 ||| IDENTIFYING emerald potion
  1469 | D:2      | 1469 ||| READING 3 scrolls of identify.
  1469 | D:2      | 1469 ||| IDENTIFYING fuming ruby potion
  1470 | D:2      | 1470 ||| DROPPING potion of degeneration.
  1471 | D:2      | 1471 ||| DROPPING potion of invisibility.
  1472 | D:2      | 1472 ||| DROPPING potion of attraction.
  1725 | D:3      | Reached XP level 4. HP: 25/25 MP: 6/6
  1752 | D:3      | Noticed Robin
  1763 | D:3      | Killed Robin
  1784 | D:3      | HP: 1/25 [orc/+0 flail (7)]
  1785 | D:3      | 1785 ||| READING 2 scrolls of teleportation.
  2148 | D:3      | Reached skill level 8 in Ranged Weapons
  2233 | D:3      | Reached XP level 5. HP: 19/29 MP: 7/7
  2534 | D:3      | 2534 ||| UPGRADING to +0 helmet.
  2539 | D:3      | 2539 ||| UPGRADING to amulet of regeneration.
  2549 | D:3      | 2549 ||| DROPPING amulet of the acrobat.
  2550 | D:3      | 2550 ||| UPGRADING to ring of willpower.
  2551 | D:3      | 2551 ||| READING scroll labelled IQUOXUCENI.
  2552 | D:3      | 2552 ||| READING 4 scrolls of identify.
  2552 | D:3      | 2552 ||| IDENTIFYING red potion
  2713 | D:4      | 2713 ||| Stepping ~*~*~tactically~*~*~ (outnumbered).
  2717 | D:4      | Reached skill level 9 in Ranged Weapons
  2912 | D:4      | Reached XP level 6. HP: 35/35 MP: 8/8
  2919 | D:4      | Noticed Sigmund
  2939 | D:4      | HP: 7/35 [something (3)]
  2940 | D:4      | HP: 1/35 [something (7)]
  2943 | D:4      | Slain by Sigmund

Levels and vault maps discovered:
D:1:      ncdulo_wetmaze, layout_loops_cross, hangedman_abyss_or_decor_stabs
D:2:      layout_loops_ring, serial_shops, shop,
          shapermc_ecumenical_altar_mp_highgroup
D:3:      layout_basic, st_stairs_11, uniq_robin
D:4:      layout_basic, tso_metal_star, nicolae_inconvenience_store,
          uniq_sigmund

Skill      XL: |  1  2  3  4  5 |
---------------+----------------+-----
Ranged Weapons | 6 7 8 9 |  9.6
Fighting       | 2 |  2.1
Dodging        | |  2.4
Stealth        | |  1.2

Action                     |  1- 3 |  4- 6 || total
---------------------------+-------+-------++-------
   Fire: Shortbow          |   119 |   153 ||   272
    Use: Scroll            |     9 |     3 ||    12
         Potion            |     2 |       ||     2
 Armour: Leather armour    |     4 |       ||     4
         Ring mail         |    12 |    43 ||    55
  Dodge: Dodged            |    23 |    41 ||    64

Table legend:
 A = Non-vault XP
 B = Vault XP
 C = Vault XP percentage of total XP
 D = Non-vault monster count
 E = Vault monster count
 F = Vault count percentage of total count
                 A         B        C        D         E       F
            +---------+---------+-------+---------+---------+-------
      Total |     423 |      33 |   7.2 |      73 |      10 |  12.0
            +---------+---------+-------+---------+---------+-------
        D:1 |      29 |       0 |   0.0 |      19 |       0 |   0.0
        D:2 |      35 |       0 |   0.0 |      15 |       0 |   0.0
        D:3 |     123 |      33 |  21.2 |      22 |      10 |  31.2
        D:4 |     236 |       0 |   0.0 |      17 |       0 |   0.0
            +---------+---------+-------+---------+---------+-------
